 Dungeon Crawl Stone Soup version 0.29-a0-270-g1586fc07ea (webtiles) character file.

Game seed: 2279291364508015013

17307 Crownlay the Thaumaturge (level 12, -1/89 HPs)
             Began as an Octopode Earth Elementalist on Mar 7, 2022.
             Was a Believer of Vehumet.
             Slain by an orc warrior
             ... wielding a +0 scimitar
              (14 damage)
             ... on level 11 of the Dungeon.
             The game lasted 00:42:06 (16090 turns).

Crownlay the Thaumaturge (OpEE)                    Turns: 16090, Time: 00:42:06

Health: -1/89      AC:  5    Str:  8    XL:     12   Next: 46%
Magic:  27/27      EV: 13    Int: 16    God:    Vehumet [**....]
Gold:   734        SH:  0    Dex: 19    Spells: 22/34 levels left

rFire   + + .      SeeInvis .   f - +5 triple sword of the Sky {pain, rPois rF++ Int-5}
rCold   + . .      Faith    .   (shield currently unavailable)
rNeg    . . .      Spirit   .   (helmet restricted)
rPois   +          Reflect  .   r - amulet of the acrobat
rElec   .          Harm     .   n - ring of poison resistance
rCorr   .          Rampage  .   w - +6 ring of dexterity
Will    .....                   C - +4 ring of protection
Stlth   +++.......              A - ring of protection from cold
HPRegen 0.24/turn               (no ring)
MPRegen 0.20/turn               (no ring)
                                (no ring)
                                (no ring)

@: no status effects
A: almost no armour, amphibious, 8 rings, camouflage 1, gelatinous body 1,
(nimble swimmer 1), tentacles
a: Renounce Religion


You were on level 11 of the Dungeon.
You worshipped Vehumet.
Vehumet was pleased with you.
You visited 2 branches of the dungeon, and saw 12 of its levels.
You visited the Abyss 1 time.
You also visited: Bailey.

You collected 734 gold pieces.

Inventory:

Hand Weapons
 f - the +5 triple sword of the Sky (weapon) {pain, rPois rF++ Int-5}
   (You found it in a bailey)

   In the hands of one skilled in necromantic magic, it inflicts extra damage on
   living creatures.
   Int:       It affects your intelligence (-5).
   rF:        It greatly protects you from fire.
   rPois:     It protects you from poison.
 k - a +3 triple crossbow of freezing
Missiles
 a - 176 stones
 h - 2 throwing nets
Jewellery
 n - a ring of poison resistance (left tentacle)
 p - a ring of ice
 r - an amulet of the acrobat (around mantle)
 w - a +6 ring of dexterity (right tentacle)
 A - a ring of protection from cold (on tentacle)
 C - a +4 ring of protection (on tentacle)
Wands
 u - a wand of digging (14)
 y - a wand of paralysis (5)
 B - a wand of mindburst (3)
Scrolls
 g - 4 scrolls of teleportation
 i - a scroll of enchant armour {unknown}
 o - 2 scrolls of enchant weapon {unknown}
 q - 4 scrolls of amnesia
 t - 3 scrolls of magic mapping {unknown}
Potions
 b - 4 potions of might {unknown}
 c - a potion of invisibility {unknown}
 d - a potion of lignification {unknown}
 e - a potion of brilliance {unknown}
 j - a potion of haste {unknown}
 l - a potion of cancellation {unknown}
 m - 3 potions of curing {unknown}
 s - 2 potions of mutation {unknown}
 v - 2 potions of resistance {unknown}
 x - 2 potions of berserk rage {unknown}
 z - a potion of heal wounds
 D - a potion of ambrosia {unknown}
 E - a potion of magic


   Skills:
 - Level 10.9 Fighting
 - Level 2.0 Dodging
 - Level 2.6 Stealth
 * Level 11.7 Spellcasting
 + Level 8.4 Conjurations
 + Level 1.9 Transmutations
 + Level 9.4 Earth Magic


You had 22 spell levels left.
You knew the following spells:

 Your Spells              Type           Power      Damage    Failure   Level
a - Sandblast             Erth           78%        2d17      1%          1
b - Passwall              Tmut/Erth      22%        N/A       1%          2
c - Stone Arrow           Conj/Erth      76%        3d11      1%          3
d - Searing Ray           Conj           72%        2d7       1%          2
e - Petrify               Tmut/Erth      27%        N/A       8%          4

Your spell library contained the following spells:

 Spells                   Type           Power      Damage    Failure   Level
 Ignite Poison            Fire/Tmut/Pois 11%        N/A       17%         3
 Magic Dart               Conj           100%       1d8       1%          1
 Shock                    Conj/Air       92%        1d8       1%          1
 Fulminant Prism          Conj/Hex       11%        3d9       13%         4
 Hailstorm                Conj/Ice       23%        3d7       13%         4
 Portal Projectile        Hex/Tloc       18%        N/A       22%         3
 Swiftness                Air            9%         N/A       22%         3
 Ice Form                 Ice/Tmut       12%        N/A       45%         4
 Airstrike                Air            4%         N/A       58%         4
 Blade Hands              Tmut           7%         N/A       67%         5
 Excruciating Wounds      Necr           4%         N/A       91%         5
 Simulacrum               Ice/Necr       4%         N/A       100%        6


Dungeon Overview and Level Annotations

Branches:
Dungeon (11/15)            Temple (1/1) D:7            Lair (0/6) D:8
 Bailey (visited)
    Orc: D:9-12

Altars:
Cheibriados
Dithmenos
Elyvilon
Fedhas
Gozag
Hepliaklqana
Kikubaaqudgha
Makhleb
Nemelex Xobeh
Okawaru
Qazlal
Ru
Sif Muna
Trog
Uskayaw
Vehumet
Wu Jian
Xom
Yredelemnul
Zin
The Shining One

Shops:
D:1 (

Annotations:
D:6 2 transporters, Ajdolov's ghost, novice HOFi


Innate Abilities, Weirdness & Mutations

You cannot wear most types of armour.
You are amphibious.
You can wear up to eight rings at the same time.
Your skin changes colour to match your surroundings (Stealth+).
Your rubbery body absorbs attacks. (AC +1, EV +1)
((You are camouflaged when in or above water. (Stealth+)))
You have tentacles for arms and can constrict up to eight enemies at once.


Message History

Vehumet accepts your kill. The orc warrior closely misses you.
You slash the orc warrior! You grab the orc warrior.
The orc warrior is heavily wounded.
You constrict the orc warrior, but do no damage.
The orc warrior barely misses you.
You slash the orc warrior!
The orc warrior is almost dead.
You constrict the orc warrior.
You kill the orc warrior!
Vehumet accepts your kill.
An orc warrior comes into view. It is wielding a +0 scimitar.
The orc wizard hits you with a +0 dagger.
You barely miss the orc wizard. You grab the orc wizard.
You constrict the orc wizard.
The orc wizard hits you but does no damage.
The orc wizard casts a spell.
The orc wizard flickers and vanishes!
Deactivating autopickup; reactivate with Ctrl-A.
The orc wizard hits you with a +0 dagger.
You slash the orc wizard!
You kill the orc wizard!
Vehumet accepts your kill.
An orc comes into view. It is wielding a +0 hand axe.
Something hits you.
You closely miss something. Your squeeze misses something.
Something hits you but does no damage. Something hits you.
You miss something. You slash the orc warrior! You grab the orc warrior.
The orc warrior is heavily wounded.
You constrict the orc warrior. The orc warrior closely misses you.
You hit the orc warrior but do no damage.
You tentacle-slap the orc warrior, but do no damage.
Your squeeze misses the orc warrior.
The orc warrior is heavily wounded.
You constrict the orc warrior.
The orc warrior hits you with a +0 scimitar!
* * * LOW HITPOINT WARNING * * *
The orc warrior hits you with a +0 scimitar!
You die...

#######.##.###..#####)####.<#
......#.##...................
###.............#####.####...
#############......).......
#######.#####.. . #.# ... #.#
...oo#######.# ..ooo.o@.)...#
..$###########


You could see an orc warrior, an orc priest and 4 orcs.

Vanquished Creatures
  Harold (D:9)
  Erolcha (D:9)
  A two-headed ogre (D:11)
  A boulder beetle (D:11)
  A thrashing horror (Abyss:1)
  2 orc knights (Bailey)
  2 centaur zombies (D:10)
  Maggie (D:7)
  A gargoyle (D:11)
  A komodo dragon (D:9)
  Psyche (D:9)
  3 kobold demonologists (D:10)
  A troll (D:8)
  3 flying skulls (Abyss:1)
  A shadow (D:10)
  2 wyverns (D:9)
  A ynoxinul (Abyss:1)
  16 yaks
  2 steam dragons (D:9)
  An acid dragon (D:5)
  2 water moccasins (D:5)
  2 ice beasts
  14 orc warriors
  2 black bears
  3 ogres
  2 wolves (D:8)
  4 centaurs
  A phantom (D:6)
  4 kobold brigands
  3 bullfrogs
  4 scorpions
  2 gnoll sergeants
  2 necrophages
  9 wights (D:8)
  5 killer bees (D:9)
  5 electric eels
  A howler monkey (D:11)
  A gnoll shaman (D:9)
  10 hounds
  2 orc priests
  8 orc wizards
  5 iguanas
  Robin (D:2)
  4 adders
  13 gnolls
  2 white imps
  An ufetubus (D:5)
  A worm (D:2)
  21 orcs
  5 endoplasms
  A giant cockroach (D:1)
  16 goblins
  14 hobgoblins
  10 jackals
  2 quokkas
  9 ball pythons
  6 bats
  8 frilled lizards
  20 kobolds
  3 rats
271 creatures vanquished.

Notes
Turn   | Place    | Note
-------+----------+-------------------------------------------
     0 | D:1      | Crownlay the Octopode Earth Elementalist began the quest
                  | for the Orb.
     0 | D:1      | Reached XP level 1. HP: 11/11 MP: 3/3
   153 | D:1      | Reached XP level 2. HP: 10/17 MP: 1/5
   611 | D:1      | Found a faded altar of an unknown god.
   647 | D:1      | Reached XP level 3. HP: 16/21 MP: 7/7
   855 | D:1      | Reached skill level 3 in Spellcasting
  1063 | D:1      | Found Duhiler's Weapon Boutique.
  1695 | D:2      | Reached XP level 4. HP: 27/27 MP: 9/9
  1708 | D:2      | Noticed Robin
  1712 | D:2      | Killed Robin
  2723 | D:2      | Learned a level 2 spell: Passwall
  2727 | D:2      | Learned a level 3 spell: Stone Arrow
  2779 | D:3      | Reached skill level 4 in Spellcasting
  2872 | D:3      | Reached XP level 5. HP: 24/31 MP: 11/11
  3001 | D:3      | Learned a level 2 spell: Searing Ray
  3289 | D:4      | Found a shadowy altar of Dithmenos.
  3368 | D:4      | Reached skill level 1 in Conjurations
  3478 | D:4      | Noticed a black bear
  3482 | D:4      | Killed a black bear
  3483 | D:4      | Reached XP level 6. HP: 16/36 MP: 9/13
  3692 | D:4      | Reached skill level 5 in Spellcasting
  4490 | D:5      | Entered Level 5 of the Dungeon
  4499 | D:5      | Noticed an acid dragon
  4513 | D:5      | Killed an acid dragon
  4514 | D:5      | Reached XP level 7. HP: 25/41 MP: 12/15
  4850 | D:5      | Reached skill level 5 in Earth Magic
  5197 | D:5      | Reached skill level 6 in Spellcasting
  5325 | D:5      | Reached XP level 8. HP: 28/46 MP: 15/17
  5916 | D:6      | Found a transporter.
  5977 | D:6      | Found a shimmering altar of Xom.
  6381 | D:6      | Noticed Ajdolov's ghost (novice HOFi)
  6391 | D:6      | Noticed a shadow
  6396 | D:6      | Reached skill level 7 in Spellcasting
  6552 | D:6      | Found a transporter.
  6875 | D:7      | Reached XP level 9. HP: 51/51 MP: 10/20
  6921 | D:7      | Reached skill level 5 in Conjurations
  6922 | D:7      | Reached skill level 8 in Spellcasting
  6973 | D:7      | Found a flagged portal.
  6988 | Bailey   | Entered a bailey
  8076 | Bailey   | Reached skill level 10 in Fighting
  8076 | Bailey   | Reached XP level 10. HP: 77/77 MP: 22/22
  8082 | Bailey   | Noticed an orc knight
  8147 | Bailey   | Learned a level 4 spell: Petrify
  8148 | Bailey   | Noticed an orc knight
  8251 | Bailey   | Killed an orc knight
  8252 | Bailey   | Reached skill level 9 in Spellcasting
  8478 | Bailey   | Killed an orc knight
  8514 | Bailey   | Identified the +5 triple sword of the Sky {pain, rPois rF++
                  | Int-5}
  8619 | D:7      | Reached XP level 11. HP: 62/82 MP: 11/24
  8932 | D:7      | Found a staircase to the Ecumenical Temple.
  8942 | Temple   | Entered the Ecumenical Temple
  9080 | Temple   | Became a worshipper of Vehumet
  9146 | D:7      | Found a bloodstained altar of Trog.
  9538 | D:8      | Noticed Maggie
  9548 | D:7      | Killed Maggie
 10209 | D:8      | Found a blossoming altar of Fedhas.
 10759 | D:8      | Found a staircase to the Lair.
 11446 | D:9      | Reached skill level 10 in Spellcasting
 11541 | D:9      | Reached * piety under Vehumet
 11541 | D:9      | Offered knowledge of Freeze by Vehumet.
 11591 | D:9      | Noticed Erolcha
 11592 | D:9      | Cast into level 1 of the Abyss (Erolcha)
 11647 | Abyss:1  | Noticed a thrashing horror
 11652 | Abyss:1  | Killed a thrashing horror
 11714 | D:9      | Escaped the Abyss
 11718 | D:9      | Noticed Harold
 12011 | D:9      | Killed Harold
 12598 | D:9      | Killed Erolcha
 13289 | D:9      | Noticed Psyche
 13300 | D:9      | Killed Psyche
 13312 | D:9      | Found a glowing golden altar of the Shining One.
 13669 | D:10     | Entered Level 10 of the Dungeon
 13778 | D:10     | Reached skill level 11 in Spellcasting
 13785 | D:10     | Reached XP level 12. HP: 59/89 MP: 19/27
 14358 | D:10     | Reached ** piety under Vehumet
 14358 | D:10     | Offered knowledge of Poisonous Vapours by Vehumet.
 15106 | D:10     | Found a basalt altar of Yredelemnul.
 15777 | D:11     | Noticed a two-headed ogre
 15780 | D:11     | Killed a two-headed ogre
 15981 | D:11     | Noticed a boulder beetle
 16010 | D:11     | Killed a boulder beetle
 16076 | D:11     | Offered knowledge of Ignite Poison by Vehumet.
 16090 | D:11     | Slain by an orc warrior

Illustrated notes

Levels and vault maps discovered:
D:1:      minmay_arrival_solitary_statue, layout_loops_ring, serial_shops,
          shop_statue, ebering_ecumenical_altar_hall, bh_walls_and_bars
D:2:      layout_basic, uniq_robin
D:3:      layout_rooms, corner_web_ring
D:4:      layout_loops_ring, grunt_dithmenos_smoke
D:5:      layout_basic
D:6:      layout_rooms, xom_butterflies, gammafunk_ghost_arena
D:7:      layout_loops_ring, lightli_temple_of_fire,
          minmay_temple_entry_slanted, enter_bailey_7
D:8:      layout_basic, lemuel_tele_altar, erik_lair_island, uniq_maggie
D:9:      layout_basic, mainiacjoe_overflow_brackets, minivault_14, uniq_psyche,
          uniq_erolcha, uniq_harold
D:10:     layout_roguey, lemuel_zombie_altar_yredelemnul, serial_rivers,
          chequers_serial_rivers_room_b, chequers_serial_rivers_micro_b,
          chequers_serial_rivers_room_a, chequers_serial_rivers_micro_e
D:11:     layout_loops_ring, david_orc_4, nicolae_elemental_shop, uniq_urug
Temple:   eino_temple_scatter_basement

Skill      XL: |  1  2  3  4  5  6  7  8  9 10 11 12 |
---------------+-------------------------------------+-----
Spellcasting   | 3 4 5 6 7 8 9 11 | 11.7
Earth Magic    | 4 5 6 7 8 9 |  9.4
Conjurations   | 1 2 3 4 5 6 7 8 |  8.4
Fighting       | 10 | 10.9
Dodging        | |  2.0
Stealth        | |  2.6
Transmutations | |  1.9

Action                   |  1- 3 |  4- 6 |  7- 9 | 10-12 || total
-------------------------+-------+-------+-------+-------++-------
Melee: Mace              |    35 |       |       |       ||    35
       Constrict         |     7 |       |       |    11 ||    18
       Tentacles         |     4 |       |       |    16 ||    20
       Dagger            |       |     1 |       |       ||     1
       Triple sword      |       |       |       |    74 ||    74
       Punch             |       |       |       |     2 ||     2
 Fire: Hunting sling     |    20 |   113 |    45 |     2 ||   180
       Triple crossbow   |       |       |       |   101 ||   101
 Cast: Sandblast         |    21 |    60 |    51 |   103 ||   235
       Stone Arrow       |       |     4 |    48 |    63 ||   115
       Searing Ray       |       |       |     3 |    15 ||    18
       Petrify           |       |       |       |     6 ||     6
Evoke: Wand              |       |       |     2 |    14 ||    16
  Use: Potion            |     1 |     2 |     1 |     3 ||     7
       Scroll            |       |       |     4 |     6 ||    10
 Stab: Sleeping          |     2 |       |       |       ||     2
       Distracted        |       |       |       |     1 ||     1
Armor: Skin              |     6 |     5 |       |    18 ||    29
Dodge: Dodged            |    35 |    72 |    46 |   170 ||   323

Table legend: (Time is in decaauts)
 A = Elapsed time spent in this place.
 B = Non-inter-level travel time spent in this place.
 C = Inter-level travel time spent in this place.
 D = Time resting spent in this place.
 E = Time spent auto-exploring this place.
 F = Levels seen in this place.
 G = Mean time per level.
                   A        B        C        D        E       F      G
               +--------+--------+--------+--------+--------+-----+--------+
         Total |  16366 |  16020 |    346 |   1698 |  11693 |  14 | 1169.0 |
       Dungeon |  14487 |  14158 |    329 |   1420 |  10701 |  11 | 1317.0 |
        Temple |    155 |    138 |     17 |      0 |    113 |   1 |  155.0 |
         Abyss |    124 |    124 |      0 |     43 |      0 |   1 |  124.0 |
        Bailey |   1599 |   1599 |      0 |    235 |    879 |   1 | 1599.0 |
               +--------+--------+--------+--------+--------+-----+--------+

Top non-repeatable levels by time:
    D:10: 2023 daAuts
     D:9: 1956 daAuts
     D:8: 1882 daAuts
  Bailey: 1599 daAuts
     D:1: 1503 daAuts
     D:5: 1436 daAuts
     D:7: 1332 daAuts
     D:2: 1278 daAuts
     D:4: 1232 daAuts
     D:6: 907 daAuts
     D:3: 553 daAuts
    D:11: 379 daAuts
  Temple: 155 daAuts
 Abyss:1: 124 daAuts
